 Dungeon Crawl Stone Soup version 0.31-a0-640-g39d97e502b (webtiles) character file.

Game seed: 16487376272090647904

167 Twinkles the Chopper (level 5, -11/47 HPs)
             Began as a Hill Orc Berserker on Aug 27, 2023.
             Was a Believer of Trog.
             Killed from afar by an orc wizard (14 damage)
             ... with a puff of flame
             ... on level 4 of the Dungeon.
             The game lasted 00:03:19 (2687 turns).

Twinkles the Chopper (Hill Orc Berserker)           Turns: 2687, Time: 00:03:19

Health: -11/47     AC:  5    Str: 22    XL:     5   Next: 48%
Magic:  5/5        EV: 11    Int:  7    God:    Trog [**....]
Gold:   210        SH:  3    Dex: 10    Spells: 4/4 levels left

rFire   . . .        a - +0 hand axe
rCold   . . .        t - +0 buckler
rNeg    . . .        s - +0 ring mail
rPois   .            (no helmet)
rElec   .            (no cloak)
rCorr   +            (no gloves)
SInv    .            (no boots)
Will    .....        (no amulet) Stlth
                     m - ring of resist corrosion
HPRegen 0.27/turn    (no ring)
MPRegen 0.09/turn

%: no passive effects
@: on berserk cooldown, attractive, slowed, very slow
A: no striking features
a: Renounce Religion, Berserk, Trog's Hand


You were on level 4 of the Dungeon.
You worshipped Trog.
Trog was pleased with you.
You visited 1 branch of the dungeon, and saw 4 of its levels.

You collected 210 gold pieces.

Inventory:

Hand Weapons
 a - a +0 hand axe (weapon)
 u - a +0 flail
Missiles
 j - 5 javelins
Armour
 b - a +0 animal skin
 s - a +0 ring mail (worn)
 t - a +0 buckler (worn)
Jewellery
 m - a ring of resist corrosion (left hand)
Scrolls
 c - 2 scrolls of fear {unknown}
 e - 2 scrolls of poison {unknown}
 h - a scroll of summoning {unknown}
 i - 2 scrolls of identify {unknown}
 k - a scroll of immolation {unknown}
 l - 3 scrolls of blinking {unknown}
 q - a scroll of enchant armour {unknown}
 r - a scroll of revelation {unknown}
 v - a scroll of enchant weapon {unknown}
Potions
 f - 2 potions of heal wounds {unknown}
 g - a potion of degeneration {unknown}
 n - 2 potions of berserk rage {unknown}
 o - a potion of cancellation {unknown}
 p - a potion of might {unknown}
 A - 2 potions of attraction


   Skills:
 + Level 4.8 Fighting
 + Level 5.2 Axes
 + Level 3.5 Armour
 + Level 2.5 Dodging


You had 4 spell levels left.
You didn't know any spells.
Your spell library was empty.

Dungeon Overview and Level Annotations

Branches:
Dungeon (4/15) Zot: 21296
 Temple: D:4-7

Altars:
Elyvilon
Fedhas
Kikubaaqudgha
Ru
Yredelemnul

Shops:
D:1 =


Message History

The orc wizard casts a spell at you.
You are confused.
The orc wizard hits you with a +0 dagger.
You hit the orc wizard but do no damage.
The orc wizard is moderately wounded.
The orc wizard hits you but does no damage.
Found a scroll labelled QEOKHI YNOE and a scroll labelled COQUYM ITONK.
The orc wizard mumbles some strange words.
The orc wizard flickers and vanishes!
Deactivating autopickup; reactivate with Ctrl-A.
Something hits you.
Items here: $ )) [.
You closely miss something.
You feel less confused.
You hear some strange, mumbled words.
A magic dart appears from out of thin air!
The magic dart hits you!
* * * LOW HITPOINT WARNING * * *
Something hits you but does no damage.
You hit something but do no damage. Something hits you.
* * * LOW HITPOINT WARNING * * *
Something hits you.
* * * LOW HITPOINT WARNING * * *
It was a potion of attraction.
You feel attractive to monsters.
A - 2 potions of attraction Something hits you.
* * * LOW HITPOINT WARNING * * *
You barely miss something. Something hits you but does no damage.
You hear some strange, mumbled words.
A puff of flame appears from out of thin air!
You block the puff of flame.
You slash something! Something hits you but does no damage.
You miss something. Something hits you but does no damage. Something hits you.
* * * LOW HITPOINT WARNING * * *
You barely miss something. Something hits you but does no damage.
You hear some strange, mumbled words.
A puff of flame appears from out of thin air!
The puff of flame hits you!
You die...

#.# ######
#.#########
#.#
#.........'
#)#
###########
#.# #
#.##### #
#.....## #
#.###..# #
######{#####
#...)@....#
#.###.....#
#.....#
......#
.._......
.?...##.#.#
.....## .#.#
#....?# .# .


There were no monsters in sight!

Vanquished Creatures
  An orc priest (D:4)
  An orc wizard (D:4)
  5 adders
  9 orcs
  6 endoplasms
  3 giant cockroaches
  4 goblins
  5 hobgoblins
  3 quokkas
  7 ball pythons
  3 bats
  5 frilled lizards
  4 kobolds
  3 rats
59 creatures vanquished.

Notes
Turn   | Place    | Note
-------+----------+-------------------------------------------
     0 | D:1      | Twinkles the Hill Orc Berserker began the quest for the
                  | Orb.
     0 | D:1      | Reached XP level 1. HP: 19/19 MP: 1/1
   241 | D:1      | Reached XP level 2. HP: 15/27 MP: 2/2
   338 | D:1      | Found Bariz's Jewellery Boutique.
   934 | D:2      | Reached XP level 3. HP: 28/33 MP: 3/3
  1537 | D:3      | Found a white marble altar of Elyvilon.
  1556 | D:3      | Reached ** piety under Trog
  1564 | D:3      | Reached XP level 4. HP: 36/40 MP: 4/4
  2209 | D:3      | Found a sacrificial altar of Ru.
  2531 | D:4      | Identified the +6 spear "Danasyggu" {heavy, *Rage rElec
                  | rC+}
  2557 | D:4      | Found a blossoming altar of Fedhas.
  2558 | D:4      | Found an ancient bone altar of Kikubaaqudgha.
  2645 | D:4      | Found a basalt altar of Yredelemnul.
  2657 | D:4      | Reached skill level 5 in Axes
  2660 | D:4      | Reached XP level 5. HP: 45/47 MP: 5/5
  2681 | D:4      | HP: 9/47 [something/magic dart (7)]
  2682 | D:4      | HP: 4/47 [something (3)]
  2687 | D:4      | Killed from afar by an orc wizard

Illustrated notes

Levels and vault maps discovered:
D:1:      wheals_arrival_linesprint, layout_loops_cross, serial_shops,
          nicolae_shop_stone, hangedman_decor_points, minmay_pentomino_t4
D:2:      layout_rooms, hex_intersection, grunt_decor_one_mirror
D:3:      layout_rooms, nicolae_ru_great_annihilating_truth, elyvilon_altar_3
D:4:      layout_basic, grunt_temple_overflow_growth_and_decay,
          nicolae_overflow_crystal_walls

Skill      XL: |  1  2  3  4 |
---------------+-------------+-----
Fighting       | 4 |  4.8
Dodging        | 2 |  2.5
Armour         | 3 |  3.5
Axes           | 5 |  5.2

Action                     |  1- 3 |  4- 6 || total
---------------------------+-------+-------++-------
  Melee: Hand axe          |   100 |   102 ||   202
 Invoke: Berserk           |       |     1 ||     1
    Use: Potion            |       |     1 ||     1
   Stab: Sleeping          |     1 |     1 ||     2
         Paralysed         |       |     1 ||     1
 Armour: Animal skin       |    19 |     5 ||    24
         Ring mail         |       |    19 ||    19
  Dodge: Dodged            |    58 |    42 ||   100
  Block: Buckler           |       |     2 ||     2

Table legend: (Time is in decaauts)
 A = Elapsed time spent in this place.
 B = Non-inter-level travel time spent in this place.
 C = Inter-level travel time spent in this place.
 D = Time resting spent in this place.
 E = Time spent auto-exploring this place.
 F = Levels seen in this place.
 G = Mean time per level.
                   A        B        C        D        E       F      G
               +--------+--------+--------+--------+--------+-----+--------+
         Total |   2701 |   2432 |    269 |      0 |   1989 |   4 |  675.2 |
       Dungeon |   2701 |   2432 |    269 |      0 |   1989 |   4 |  675.2 |
               +--------+--------+--------+--------+--------+-----+--------+

Top non-repeatable levels by time:
     D:3: 1140 daAuts
     D:1: 827 daAuts
     D:2: 550 daAuts
     D:4: 183 daAuts
